AoeStats
← PiscoCAPEL777

MegaRandom

509202531Analyzed
3v3 RM · 7d ago on Sep 25, 2026· 41m 45s· 6 players
Game mode
Random Map
Map size
Normal (6 player)
Population
200
Speed
Normal
Resources
Standard
Victory
Conquest
Starting age
Dark Age
Ending age
Imperial Age
RankedLock teamsTeams togetherTeam positionsShared explorationLock speedFull tech treeHidden civsTurbo modeCheats
Victory
Defeat
🇵🇹 Portuguese · Portugal
915
+15
🇵🇹 Khmer · Portugal
890
+16
🇺🇸 Danes · United States
869
+17
🇨🇱 Italians · Chile
933
-18
🇨🇱 Burgundians · Chile
926
-17
🇨🇱 Vietnamese · Chile
807
-13
Farraway
7:13 Loom
12:34 Feudal Age
15:23 Double-Bit Axe
20:39 Wheelbarrow
23:29 Castle Age
21:25 Gold Mining
21:30 Stone Mining
26:18 Hand Cart
25:49 Town Watch
27:20 Fishing Lines
28:43 Arson
28:58 Squires
28:44 Gambesons
30:18 Gillnets
33:34 Fletching
33:45 Scale Mail Armor
33:56 Forging
37:16 Imperial Age
35:34 Chain Mail Armor
36:00 Bodkin Arrow
Vlad
9:13 Loom
11:48 Feudal Age
14:59 Castle Age
14:17 Double-Bit Axe
15:32 Bloodlines
16:54 Town Watch
21:25 Horse Collar
22:57 Forging
23:34 Stone Mining
24:43 Fletching
25:44 Wheelbarrow
26:09 Bodkin Arrow
29:30 Stone Shaft Mining
30:58 Heavy Plow
40:44 Imperial Age
40:30 Scale Barding Armor
Keyser_Soze
1:34 Loom
11:00 Feudal Age
11:46 Double-Bit Axe
11:44 Horse Collar
18:53 Castle Age
22:09 Husbandry
23:43 Scale Barding Armor
24:40 Bloodlines
24:57 Heavy Plow
25:46 Fervor
25:29 Gold Mining
27:03 Wheelbarrow
27:06 Stone Mining
33:12 Imperial Age
31:01 Pikeman
31:51 Murder Holes
32:58 Forging
32:57 Fletching
33:45 Hand Cart
35:09 Cavalier
36:06 Man-at-Arms
37:44 Long Swordsman
40:28 Chain Barding Armor
41:20 Chemistry
40:16 Halberdier
42:08 Ballistics
41:38 Elite Skirmisher
PiscoCAPEL777
11:37 Feudal Age
20:32 Castle Age
19:34 Fletching
25:11 Pikeman
36:17 Imperial Age
37:52 Padded Archer Armor
40:32 Chemistry
Milaneso420
5:00 Loom
13:51 Feudal Age
16:00 Wheelbarrow
15:13 Double-Bit Axe
15:12 Horse Collar
28:29 Gold Mining
28:30 Stone Mining
33:28 Castle Age
34:05 Pikeman
34:47 Squires
34:33 Arson
35:03 Forging
34:54 Scale Mail Armor
36:16 Hand Cart
36:42 Iron Casting
36:22 Bow Saw
36:51 Stone Shaft Mining
39:16 Chain Mail Armor
44:01 Imperial Age
nicovc00
9:37 Loom
12:35 Feudal Age
11:20 Double-Bit Axe
15:16 Gold Mining
17:36 Bow Saw
17:12 Horse Collar
21:41 Castle Age
25:50 Stone Mining
25:48 Cavalier
26:50 Heavy Plow
27:14 Forging
31:32 Gold Shaft Mining
32:00 Two-Man Saw
32:04 Husbandry
38:53 Imperial Age
38:38 Scale Barding Armor
39:52 Paladin
Connection lost

Rejoining the realm…

Still unreachable

The connection could not be restored.

Session expired

The server has moved on; the page needs a fresh start.